 Dungeon Sprint DCSS version 0.30-a0-965-g42e074c17a (webtiles) character file.

Game seed: 10437806893648375955

1950 billz999 the Arsonist (level 9, 0/59 HPs)
             Began as an Octopode Fire Elementalist on Mar 30, 2023.
             Was a Believer of Vehumet.
             Slain by an orc warrior
             ... wielding a +0 flail of protection
              (7 damage)
             ... in the Dungeon (Sprint III: "The Ten Rune Challenge").
             The game lasted 00:07:05 (1483 turns).

billz999 the Arsonist (Octopode Fire Elementalist)  Turns: 1483, Time: 00:07:05

Health: 0/59       AC:  3    Str:  6    XL:     9   Next: 18%
Magic:  5/25       EV: 14    Int: 26    God:    Vehumet [**....]
Gold:   45         SH:  0    Dex: 11    Spells: 23/32 levels left

rFire   . . .      SeeInvis .    (no weapon)
rCold   + . .      Faith    .    (no shield)
rNeg    . . .      Spirit   .    (helmet restricted)
rPois   .          Reflect  .    (no amulet)
rElec   .          Rampage  .    (no ring)
rCorr   .          NoTele   +    (no ring)
Will    .....                    (no ring)
Stlth   +++                      (no ring)
HPRegen 0.00/turn                (no ring)
MPRegen 0.19/turn                (no ring)
                                 (no ring)
                                 (no ring)

@: very slightly contaminated, inhibited regen
A: almost no armour, amphibious, 8 rings, camouflage 1, gelatinous body 1,
(nimble swimmer 1), tentacles, tentacle spike 1, iridescent scales 1, clever 1,
cold resistance 1, inhibited regeneration
a: Renounce Religion


You were in the Dungeon.
You worshipped Vehumet.
Vehumet was pleased with you.
You visited 1 branch You collected 45 gold pieces.

Inventory:

Wands
 h - a wand of flame (12)
Scrolls
 i - 2 scrolls of torment
 j - a scroll of identify {unknown}
Potions
 a - 3 potions of magic
 b - 2 potions of curing
 c - a potion of heal wounds
 d - a potion of might
 e - a potion of berserk rage
 g - a potion of lignification {unknown}
 k - a potion of brilliance {unknown}
 l - 4 potions of mutation
 m - 2 potions of flight


   Skills:
 + Level 4.7 Fighting
 + Level 5.2 Dodging
 - Level 2.6 Stealth
 + Level 12.1 Spellcasting
 - Level 6.9 Conjurations
 - Level 12.4 Fire Magic


You had 23 spell levels left.
You knew the following spells:

 Your Spells              Type           Power      Damage    Failure   Level
a - Foxfire               Conj/Fire      100%       2x1d6     1%          1
b - Scorch                Fire           100%       2d10      1%          2
c - Flame Wave            Conj/Fire      60%        2d14      1%          4
d - Blink                 Tloc           30%        N/A       5%          2

Your spell library contained the following spells:

 Spells                   Type           Power      Damage    Failure   Level
 Kiss of Death            Conj/Necr      100%       2d13      1%          1
 Momentum Strike          Conj/Tloc      66%        3d9       1%          2
 Searing Ray              Conj           100%       2d8       1%          2
 Static Discharge         Conj/Air       66%        2-5/arc   1%          2
 Inner Flame              Hex/Fire       48%        N/A       1%          3
 Kindle Blastsparks       Fire/Tloc/Air  74%        2d16      1%          3
 Lesser Beckoning         Tloc           30%        N/A       5%          2
 Ice Form                 Ice/Tmut       15%        N/A       36%         4


Dungeon Overview and Level Annotations

Branches:
Dungeon (1/1)

Altars:
Cheibriados
Dithmenos
Elyvilon
Fedhas
Gozag
Hepliaklqana
Kikubaaqudgha
Makhleb
Nemelex Xobeh
Okawaru
Qazlal
Ru
Sif Muna
Trog
Uskayaw
Vehumet
Wu Jian
Xom
Yredelemnul
Zin
The Shining One
Jiyva
Lugonu


Innate Abilities, Weirdness & Mutations

You cannot wear most types of armour.
You are amphibious.
You can wear up to eight rings at the same time.
Your skin changes colour to match your surroundings (Stealth+).
Your rubbery body absorbs attacks. (AC +1, EV +1)
((You are camouflaged when in or above water. (Stealth+)))
You have tentacles for arms and can constrict up to eight enemies at once.
One of your tentacles bears a spike.
You are partially covered in iridescent scales. (AC +2)
Your mind is acute. (Int +4, Str/Dex -1)
Your flesh is cold resistant. (rC+)
You do not regenerate when monsters are visible.


Message History

Casting: Scorch (safe; 1% risk of failure)
Confirm with . or Enter, or press ? or * to list all spells.
Flames lash the orc warrior.
The orc warrior is moderately wounded.
The orc warrior's fire resistance burns away.
Unknown command.
Casting: Scorch (safe; 1% risk of failure)
Confirm with . or Enter, or press ? or * to list all spells.
Flames lash the orc warrior but do no damage.
The orc warrior barely misses you.
Unknown command.
Casting: Scorch (safe; 1% risk of failure)
Confirm with . or Enter, or press ? or * to list all spells.
Okay, then.
Casting: Scorch (safe; 1% risk of failure)
Confirm with . or Enter, or press ? or * to list all spells.
You blink.
The orc warrior is no longer more vulnerable to fire.
The orc warrior hits you with a +0 flail of protection!
The orc warrior hits you with a +0 flail of protection.
There is an open door to the Ecumenical Temple here.
The orc warrior attacks as you move away!
The orc warrior hits you with a +0 flail of protection.
* * * LOW HITPOINT WARNING * * *
Casting: Blink (safe; 5% risk of failure)
Confirm with . or Enter, or press ? or * to list all spells.
You are still too unstable to blink.
The orc warrior attacks as you move away!
The orc warrior closely misses you.
You feel stable enough to blink again.
Casting: Blink (safe; 5% risk of failure)
Confirm with . or Enter, or press ? or * to list all spells.
You miscast Blink.
You are very lightly contaminated with residual magic.
Nothing appears to happen.
The orc warrior hits you with a +0 flail of protection!
* * * LOW HITPOINT WARNING * * *
The orc warrior attacks as you move away!
The orc warrior hits you with a +0 flail of protection!
You die...

▓▓▓▓▓▓▓▓▓▓▓ ▓▓▓ ▓<.#..'...♣♣♣
♣.############ ▓..#..#.....♣
♣.#___#___#__#### ▓#'####.....♣♣
♣♣.#...#__)#._#$$.
▓.....#....~.♣♣♣..###'#'###)##.o.
▓.....#...~~♣..♣♣.#..........#.oo
▓....)#..~~~~.♣♣..'.⌠.)o...o.#o#
▓####÷#..~≈≈~~~.♣o#...######'#o#
▓.....#.~~≈~~~..@.#.⌠.#__#..o#'##
▓.....#.~≈~~~.....#...#__#..o#o)~
▓.....#.~~~.).....#)###__#..o#.#~
▓'#####...........#)..#__#...'.#§
▓.................#___#__'...#.#.
▓▓▓▓▓▓▓▓▓▓▓▓▓▓▓▓▓▓▓▓▓▓▓▓▓▓▓▓▓▓▓▓▓


You could see an orc warrior.

Vanquished Creatures
  Erica (D)
  A deep elf pyromancer (D)
  A shadow (D)
  A spatial vortex (D)
  An orc warrior (D)
  A necrophage (D)
  A scorpion (D)
  A water elemental (D)
  A jelly (D)
  A wizard (D)
  Jessica (D)
  A necromancer (D)
  3 humans (D)
  A kobold demonologist (D)
  2 orcs (D)
  An endoplasm (D)
  2 rats (D)
21 creatures vanquished.

Vanquished Creatures (others)
  61 foxfires (D)
61 creatures vanquished.

Grand Total: 82 creatures vanquished

Notes
Turn   | Place    | Note
-------+----------+-------------------------------------------
     0 | D        | billz999 the Octopode Fire Elementalist began the quest for
                  | the Orb.
     0 | D        | Reached XP level 1. HP: 11/11 MP: 3/3
    45 | D        | Noticed Jessica
    54 | D        | Killed Jessica
    55 | D        | Reached XP level 2. HP: 17/17 MP: 0/5
    55 | D        | Reached XP level 3. HP: 21/21 MP: 0/6
   202 | D        | Learned a level 2 spell: Scorch
   203 | D        | Noticed a scorpion
   212 | D        | Killed a scorpion
   213 | D        | Reached skill level 5 in Fire Magic
   213 | D        | Reached XP level 4. HP: 27/27 MP: 2/10
   294 | D        | Gained mutation: You are partially covered in iridescent
                  | scales. (AC +2) [potion of mutation]
   294 | D        | Gained mutation: You have hidden genetic potential. [potion
                  | of mutation]
   294 | D        | Gained mutation: You do not regenerate when monsters are
                  | visible. [potion of mutation]
   294 | D        | Gained mutation: One of your tentacles bears a spike.
                  | [potion of mutation]
   314 | D        | Noticed a water elemental
   326 | D        | Killed a water elemental
   327 | D        | Reached skill level 5 in Spellcasting
   327 | D        | Reached XP level 5. HP: 31/31 MP: 5/12
   333 | D        | Learned a level 4 spell: Flame Wave
   392 | D        | Found a glowing silver altar of Zin.
   392 | D        | Found a glowing golden altar of the Shining One.
   392 | D        | Found a white marble altar of Elyvilon.
   393 | D        | Noticed a deep elf pyromancer
   396 | D        | Noticed a fire elemental
   398 | D        | Noticed a fire elemental
   615 | D        | Killed a deep elf pyromancer
   616 | D        | Reached skill level 10 in Fire Magic
   616 | D        | Reached XP level 6. HP: 17/36 MP: 7/18
   616 | D        | Reached XP level 7. HP: 20/41 MP: 7/19
   618 | D        | Gained mutation: Your mind is acute. (Int +4, Str/Dex -1)
                  | [hidden potential]
   710 | D        | Found a hide-covered altar of Uskayaw.
   710 | D        | Found an iron altar of Okawaru.
   710 | D        | Found a bloodstained altar of Trog.
   710 | D        | Found an ornate altar of the Wu Jian Council.
   710 | D        | Noticed a human
   710 | D        | Noticed a human
   729 | D        | Killed a human
   732 | D        | Killed a human
   733 | D        | Reached skill level 10 in Spellcasting
   733 | D        | Reached XP level 8. HP: 46/46 MP: 4/22
   927 | D        | Found a radiant altar of Vehumet.
   927 | D        | Found a shimmering blue altar of Sif Muna.
   927 | D        | Found an ancient bone altar of Kikubaaqudgha.
   937 | D        | Got Sif Muna's Secrets of Glowing Concussion
   943 | D        | Learned a level 2 spell: Blink
   949 | D        | Became a worshipper of Vehumet
   961 | D        | Found a basalt altar of Yredelemnul.
   961 | D        | Found a shadowy altar of Dithmenos.
   961 | D        | Found a sacrificial altar of Ru.
  1020 | D        | Noticed a shadow
  1023 | D        | Killed a shadow
  1023 | D        | Reached * piety under Vehumet
  1023 | D        | Offered knowledge of Freeze by Vehumet.
  1027 | D        | Gained mutation: Your flesh is cold resistant. (rC+)
                  | [hidden potential]
  1027 | D        | Lost mutation: You have hidden genetic potential. [hidden
                  | potential expressed]
  1137 | D        | Found a blossoming altar of Fedhas.
  1137 | D        | Found a stormy altar of Qazlal.
  1138 | D        | Found a snail-covered altar of Cheibriados.
  1138 | D        | Found a burning altar of Makhleb.
  1138 | D        | Found a hazy altar of Hepliaklqana.
  1138 | D        | Found a shimmering altar of Xom.
  1138 | D        | Found an opulent altar of Gozag.
  1138 | D        | Found a sparkling altar of Nemelex Xobeh.
  1138 | D        | Found a corrupted altar of Lugonu.
  1138 | D        | Found a viscous altar of Jiyva.
  1412 | D        | Noticed Erica
  1444 | D        | Killed Erica
  1444 | D        | Offered knowledge of Kiss of Death by Vehumet.
  1445 | D        | Reached XP level 9. HP: 59/59 MP: 15/25
  1447 | D        | Noticed an orc high priest
  1457 | D        | Reached ** piety under Vehumet
  1474 | D        | Reached skill level 5 in Dodging
  1483 | D        | Slain by an orc warrior

Illustrated notes

Levels and vault maps discovered:
D:        dungeon_sprint_mu [sprint_mu_entry_forest, sprint_mu_temple_rooms,
          sprint_mu_d1_horrors, sprint_mu_d2_genie, sprint_mu_d3_branching,
          sprint_mu_orc_legion, sprint_mu_elf_gauntlet, sprint_mu_hive_nellie,
          sprint_mu_lair_fedhas, sprint_mu_vaults_butterflies,
          sprint_mu_slime_circle, sprint_mu_swamp_cave, sprint_mu_shoals_archi,
          sprint_mu_blade_basic, sprint_mu_crypt_chambers,
          sprint_mu_tomb_spiral, sprint_mu_vestibule_basic,
          sprint_mu_gehenna_hellfire, sprint_mu_dis_giant,
          sprint_mu_tartarus_statrot, sprint_mu_cocytus_islands, sprint_mu_zot1]

Skill      XL: |  1  2  3  4  5  6  7  8  9 |
---------------+----------------------------+-----
Conjurations   | 6 |  6.9
Spellcasting   | 4 5 9 10 12 | 12.1
Fire Magic     | 5 6 10 11 12 | 12.4
Fighting       | 4 |  4.7
Dodging        | 4 5 |  5.2
Stealth        | |  2.6

Action                     |  1- 3 |  4- 6 |  7- 9 || total
---------------------------+-------+-------+-------++-------
  Melee: Unarmed           |     9 |     1 |     2 ||    12
         Tentacles         |     3 |     1 |     1 ||     5
         Constrict         |     2 |     1 |     1 ||     4
         Kick              |       |     1 |     1 ||     2
         Punch             |       |     1 |       ||     1
   Cast: Foxfire           |    15 |     7 |    17 ||    39
         Scorch            |       |     3 |    18 ||    21
         Flame Wave        |       |       |    15 ||    15
         Blink             |       |       |     1 ||     1
    Use: Potion            |       |     2 |       ||     2
         Scroll            |       |       |     2 ||     2
   Stab: Sleeping          |       |     1 |       ||     1
 Armour: Skin              |       |       |     2 ||     2
  Dodge: Dodged            |     7 |     5 |     9 ||    21

Table legend: (Time is in decaauts)
 A = Elapsed time spent in this place.
 B = Non-inter-level travel time spent in this place.
 C = Inter-level travel time spent in this place.
 D = Time resting spent in this place.
 E = Time spent auto-exploring this place.
 F = Levels seen in this place.
 G = Mean time per level.
                   A        B        C        D        E       F      G
               +--------+--------+--------+--------+--------+-----+--------+
         Total |   1467 |   1467 |      0 |   1015 |     47 |   1 | 1467.0 |
       Dungeon |   1467 |   1467 |      0 |   1015 |     47 |   1 | 1467.0 |
               +--------+--------+--------+--------+--------+-----+--------+

Top non-repeatable levels by time:
       D: 1467 daAuts
